 Dungeon Crawl Stone Soup version 0.27-a0-1147-gb3d8e82 (webtiles) character file.

Game seed: 17390230041792234640

113431 Meow the Scorcher (level 16, -10/152 HPs)
             Began as a Naga Venom Mage on May 11, 2021.
             Was a High Priest of Okawaru.
             Mangled by a spark wasp (12 damage)
             ... on level 15 of the Dungeon.
             The game lasted 02:11:27 (27493 turns).

Meow the Scorcher (Naga Venom Mage)                Turns: 27493, Time: 02:11:28

Health: -10/152    AC: 25    Str: 29    XL:     16   Next: 63%
Magic:  29/29      EV:  8    Int: 33    God:    Okawaru [*****.]
Gold:   659        SH: 12    Dex: 11    Spells: 19/34 levels left

rFire    + . .     SeeInvis +   a - +8 mace "Aczomi" {pain, rC+ Str+7}
rCold    + + +     Faith    .   n - +0 kite shield
rNeg     + + .     Spirit   .   d - +6 troll leather armour "Biplorea" {rN+ Will+ Regen+ Str+6}
rPois    +         Reflect  .   P - +2 hat {Int+3}
rElec    .         Harm     .   L - +2 cloak {rC+}
rCorr    .         Rampage  .   t - +2 pair of gloves {Str+3}
Will     ++++.                  w - +0 barding {Fly}
Stlth    ++++++....             Z - amulet "Robro Inte" {rF+ Regen+ Str+3 SInv Stlth+}
HPRegen  2.35/turn              B - ring of the Gastropod {rC+ rN+}
MPRegen  0.21/turn              R - ring "Zuirph" {rC+ Will+ Int+6}

@: flying, very slow
A: AC +5, large, see invisible, deformed body, poison resistance, slowness 2,
spit poison 1, naga tail 2
a: Spit Poison, Renounce Religion, Heroism, Finesse


You were on level 15 of the Dungeon.
You worshipped Okawaru.
Okawaru was extremely pleased with you.
You visited 5 branches of the dungeon, and saw 25 of its levels.
You also visited: Gauntlet and Ice Cave.

You collected 1991 gold pieces.
You spent 1332 gold pieces at shops.

Inventory:

Hand Weapons
 a - the +8 mace "Aczomi" (weapon) {pain, rC+ Str+7}
   (You took it off Josephine on level 4 of the Lair of Beasts)

   In the hands of one skilled in necromantic magic, it inflicts extra damage on
   living creatures.
   It affects your strength (+7).
   It protects you from cold.
 b - the +8 hunting sling "Xarphurph" {flame, Will- rCorr Int+2}
   (You found it on level 5 of the Dungeon)

   It causes projectiles fired from it to burn those they strike, causing extra
   injury to most foes and up to half again as much damage against particularly
   susceptible opponents.
   It affects your intelligence (+2).
   It protects you from acid and corrosion.
   It decreases your willpower.
 c - a +6 broad axe of electrocution
Missiles
 k - 607 arrows
 p - 569 stones (quivered)
 q - 96 bolts
 r - 110 sling bullets
 H - 4 throwing nets
Armour
 d - the +6 troll leather armour "Biplorea" (worn) {rN+ Will+ Regen+ Str+6}
   (You took it off an orc priest on level 2 of the Orcish Mines)

   It affects your strength (+6).
   It protects you from negative energy.
   It increases your rate of health regeneration.
   It increases your willpower.
 n - a +0 kite shield (worn)
 t - a +2 pair of gloves of strength (worn)
 w - a +0 barding of flying (worn)
 L - a +2 cloak of cold resistance (worn)
 P - a +2 hat of intelligence (worn)
Jewellery
 B - the ring of the Gastropod (left hand) {rC+ rN+}
   (You found it in an ice cave)

   [ring of protection from cold]

   It protects you from cold.
   It protects you from negative energy.
 N - the amulet of Freedom {Spirit rPois Int-4 Dex+3}
   (You found it in an ice cave)

   [amulet of guardian spirit]

   It causes incoming damage to be divided between your reserves of health and
   magic.
   It affects your intelligence (-4).
   It affects your dexterity (+3).
   It protects you from poison.
 O - an amulet of faith
 R - the ring "Zuirph" (right hand) {rC+ Will+ Int+6}
   (You acquired it on level 2 of the Orcish Mines)

   [ring of intelligence]

   It affects your intelligence (+6).
   It protects you from cold.
   It increases your willpower.
 Z - the amulet "Robro Inte" (around neck) {rF+ Regen+ Str+3 SInv Stlth+}
   (You found it in an ice cave)

   [amulet of regeneration]

   It affects your strength (+3).
   It protects you from fire.
   It lets you see invisible.
   It increases your rate of health regeneration.
   It makes you more stealthy.
Wands
 s - a wand of paralysis (8)
 C - a wand of digging (2)
 Q - a wand of iceblast (25)
 W - a wand of acid (6)
Scrolls
 e - 2 scrolls of identify
 f - 5 scrolls of fog
 h - 4 scrolls of teleportation
 x - a scroll of magic mapping
 y - a scroll of enchant weapon
 I - 2 scrolls of summoning
 K - 2 scrolls of fear
 S - 3 scrolls of blinking
 V - 3 scrolls of amnesia
Potions
 g - 3 potions of cancellation
 i - 6 potions of flight
 l - 2 potions of brilliance
 m - 4 potions of curing
 u - 4 potions of mutation
 v - a potion of lignification
 z - 3 potions of ambrosia
 A - 2 potions of resistance
 D - 3 potions of attraction
 M - 3 potions of magic
 T - a potion of haste
 X - a potion of berserk rage
Miscellaneous
 j - a lightning rod (4/4)
 o - a condenser vane
 G - a phial of floods


   Skills:
 - Level 12.0 Fighting
 + Level 4.3 Dodging
 - Level 12.0 Stealth
 - Level 9.0 Shields
 + Level 9.8 Spellcasting
 + Level 11.4 Conjurations
 - Level 1.0 Transmutations
 - Level 16.1 Fire Magic
 - Level 8.0 Poison Magic


You had 19 spell levels left.
You knew the following spells:

 Your Spells              Type           Power      Damage    Failure   Level
a - Sting                 Tmut/Pois      100%       1d8       1%          1
c - Mephitic Cloud        Conj/Pois/Air  56%        N/A       1%          3
A - Stone Arrow           Conj/Erth      100%       3d13      1%          3
C - Ignite Poison         Fire/Tmut/Pois 64%        N/A       1%          3
F - Fireball              Conj/Fire      41%        3d17      1%          5

Your spell library contained the following spells:

 Spells                   Type           Power      Damage    Failure   Level
 Foxfire                  Conj/Fire      100%       2x1d9     0%          1
 Poisonous Vapours        Pois/Air       84%        N/A       1%          2
 Static Discharge         Conj/Air       52%        N/A       1%          2
 Olgreb's Toxic Radiance  Pois           62%        N/A       1%          4
 Animate Skeleton         Necr           32%        N/A       3%          1
 Apportation              Tloc           32%        N/A       3%          1
 Corona                   Hex            17%        N/A       3%          1
 Freeze                   Ice            64%        1d8       3%          1
 Summon Small Mammal      Summ           64%        N/A       3%          1
 Hailstorm                Conj/Ice       52%        3d12      3%          4
 Corpse Rot               Necr/Air       N/A        N/A       4%          2
 Ensorcelled Hibernation  Hex/Ice        32%        N/A       4%          2
 Confusing Touch          Hex            16%        N/A       10%         3
 Frozen Ramparts          Ice            32%        1d5       10%         3
 Gell's Gravitas          Tloc           8%         N/A       10%         3
 Ozocubu's Armour         Ice            16%        N/A       10%         3
 Petrify                  Tmut/Erth      19%        N/A       26%         4
 Hydra Form               Tmut           11%        N/A       52%         5
 Yara's Violent Unravell  Hex/Tmut       9%         3d6       58%         5
 Eringya's Noxious Bog    Tmut/Pois      23%        N/A       61%         6
 Metabolic Englaciation   Hex/Ice        8%         N/A       65%         5
 Summon Forest            Summ/Tloc      8%         N/A       65%         5
 Summon Mana Viper        Hex/Summ       16%        N/A       65%         5
 Statue Form              Tmut/Erth      12%        N/A       99%         6
 Summon Hydra             Summ           8%         N/A       100%        7
 Shatter                  Erth           8%         3d10*     100%        9


Dungeon Overview and Level Annotations

Branches:
Dungeon (15/15)            Temple (1/1) D:5            Lair (6/6) D:11
  Swamp (0/4) Lair:3       Spider (0/4) Lair:2        Slime (0/5) Lair:5
    Orc (2/2) D:10            Elf (0/3) Orc:2        Vaults (0/5) D:13
 Depths (1/5) D:15          IceCv (visited)         Gauntlet (visited)

Altars:
Ashenzari
Cheibriados
Dithmenos
Elyvilon
Fedhas
Gozag
Hepliaklqana
Kikubaaqudgha
Makhleb
Nemelex Xobeh
Okawaru
Qazlal
Ru
Sif Muna
Trog
Uskayaw
Vehumet
Wu Jian
Xom
Yredelemnul
Zin
The Shining One
Jiyva

Shops:
D:9 =   D:15 *   Orc:2 *!(*

Portals:
Hell: Lair:6

Annotations:
D:8 3 runed translucent doors, edsrzf's ghost, novice DjWz
Lair:5 exclusion: orange crystal statue


Innate Abilities, Weirdness & Mutations

Your serpentine skin is tough. (AC +5)
You have supernaturally acute eyesight. (SInv)
Armour fits poorly on your strangely shaped body.
Your system is resistant to poisons. (rPois)
You cover ground very slowly.
You can spit poison.
You can use your snake-like lower body to constrict enemies.


Message History

You hit the spark wasp. Your grab misses the spark wasp.
The spark wasp is lightly wounded.
The spark wasp stings you but does no damage. x2
You closely miss the spark wasp. You grab the spark wasp.
The spark wasp is lightly wounded.
You constrict the spark wasp. You block the spark wasp's attack.
The spark wasp barely misses you.
You sock the spark wasp!
The spark wasp is moderately wounded.
You constrict the spark wasp. The spark wasp completely misses you.
You block the spark wasp's attack.
You closely miss the spark wasp.
The spark wasp is moderately wounded.
You constrict the spark wasp. You block the spark wasp's attack.
The spark wasp stings you but does no damage.
You barely miss the spark wasp.
The spark wasp is moderately wounded.
You constrict the spark wasp! You block the spark wasp's attack.
The spark wasp stings you! The spark wasp shocks you!
You closely miss the spark wasp.
The spark wasp is heavily wounded.
You constrict the spark wasp. The spark wasp stings you.
The spark wasp shocks you! The spark wasp stings you!!
The spark wasp shocks you!
You hit the spark wasp but do no damage.
The spark wasp is heavily wounded.
You constrict the spark wasp! The spark wasp stings you!
* * * LOW HITPOINT WARNING * * *
The spark wasp shocks you!
* * * LOW HITPOINT WARNING * * *
The spark wasp stings you!!
* * * LOW HITPOINT WARNING * * *
The spark wasp shocks you!
* * * LOW HITPOINT WARNING * * *
You hit the spark wasp.
The spark wasp is severely wounded.
You constrict the spark wasp! The spark wasp stings you.
* * * LOW HITPOINT WARNING * * *
The spark wasp shocks you!
You die...

.##..##..##..#.........#
..........#..#.........##
..........#.............#
..........#...........#.#
.###+##.....≈§≈≈#≈≈≈≈...#
.##..##.....≈#≈≈≈§§#≈...#
............≈≈§.≈§§§§§..#
............≈.§..y§§§§..#
.##........§.≈..@.≈§#§§.#
.##.........≈≈§§...≈≈..##
.#..........≈§§.≈.≈§≈..#
.###'##.[..§§#≈≈§≈≈#≈..#
.##..##....§§§≈≈#§≈≈≈..#
..#.......#.§§........##
..#.......#..[.......##
..#.......#...#..#####
.##########'###.##


You could see a spark wasp.

Vanquished Creatures
  2 azure jellies (IceCv)
  2 orc warlords (Orc:2)
  A stone giant (D:15)
  2 spark wasps (Depths:1)
  A minotaur (Gauntlet)
  Josephine (Lair:4)
  4 boulder beetles
  A vault guard (D:13)
  Harold (Lair:1)
  Erolcha (D:13)
  7 hydras
  8 centaur warriors
  A catoblepas (Lair:5)
  3 two-headed ogres
  11 death yaks
  3 orc high priests (Orc:2)
  A sun demon (Lair:6)
  4 skeletal warriors (D:13)
  7 orc knights
  A wizard (Lair:6)
  3 ugly things (D:15)
  An orb spider (shapeshifter) (D:14)
  2 oklob plants
  5 orc sorcerers (Orc:2)
  A manticore (D:15)
  A shining eye (Gauntlet)
  4 cyclopes
  25 elephants
  8 black mambas
  3 ice statues
  A torpor snail (Lair:6)
  13 cane toads
  A kobold demonologist (D:9)
  Psyche (D:8)
  An unseen horror (D:13)
  2 minotaur zombies (Gauntlet)
  12 rime drakes
  9 komodo dragons
  2 efreet
  A hellwing (Lair:6)
  A red devil (Lair:6)
  A tengu conjurer (D:15)
  6 ice devils
  A very ugly thing simulacrum (IceCv)
  8 trolls
  7 polar bears
  23 slime creatures
  3 large abominations (Gauntlet)
  21 blink frogs
  Sigmund (D:3)
  6 wraiths
  4 basilisks
  A vampire (D:11)
  A golden eye (Gauntlet)
  4 wyverns
  68 yaks
  2 hogs (D:12)
  16 vampire mosquitoes
  11 humans
  Menkaure (D:4)
  3 wargs (Orc:2)
  An acid dragon (D:9)
  4 small abominations (Gauntlet)
  11 water moccasins
  Duvessa (D:4)
  An ugly thing simulacrum (IceCv)
  5 hell hounds (Lair:6)
  35 orc warriors
  2 sky beasts
  An ice beast (D:7)
  3 black bears
  A necrophage (D:6)
  4 ogres
  28 wolves
  15 centaurs
  2 phantoms
  3 kobold brigands
  A glowing shapeshifter simulacrum (IceCv)
  3 gnoll sergeants (D:6)
  10 bullfrogs
  8 scorpions
  A wyvern zombie (D:8)
  Dowan (D:4)
  2 water moccasin skeletons
  4 killer bees (D:9)
  6 wights
  An electric eel (Lair:1)
  A howler monkey (D:8)
  3 lava snakes (Lair:5)
  3 centaur zombies
  A gnoll shaman (D:9)
  A hound (D:7)
  18 orc priests
  A jelly (D:7)
  12 orc wizards
  A hound zombie (D:5)
  13 gnolls
  A howler monkey skeleton (D:5)
  8 adders
  A shadow imp (D:7)
  A white imp (D:6)
  An adder skeleton (D:4)
  2 worms (Lair:2)
  A dart slug (D:4)
  51 orcs
  6 bats
  9 endoplasms
  4 giant cockroaches
  7 goblins
  6 hobgoblins
  5 jackals
  23 kobolds
  4 quokkas
  7 ball pythons
  2 frilled lizards
  A rat (D:1)
695 creatures vanquished.

Vanquished Creatures (others)
  A tengu conjurer (D:15)
  A human (D:13)
  3 demonic crawler simulacra (IceCv)
  4 glowing shapeshifter simulacra (IceCv)
  A bush (Lair:6)
  72 fungi
  77 plants
159 creatures vanquished.

Grand Total: 854 creatures vanquished

Notes
Turn   | Place    | Note
-------+----------+-------------------------------------------
     0 | D:1      | Meow the Naga Venom Mage began the quest for the Orb.
     0 | D:1      | Reached XP level 1. HP: 15/15 MP: 3/3
   379 | D:1      | Reached XP level 2. HP: 21/22 MP: 1/5
   891 | D:1      | Reached XP level 3. HP: 28/28 MP: 4/6
   895 | D:1      | Learned a level 3 spell: Mephitic Cloud
  1399 | D:2      | Reached XP level 4. HP: 27/36 MP: 3/8
  1446 | D:2      | Learned a level 3 spell: Ignite Poison
  1482 | D:3      | Reached skill level 5 in Poison Magic
  1727 | D:3      | Noticed an ogre
  1797 | D:3      | Killed an ogre
  1798 | D:3      | Reached skill level 5 in Stealth
  1798 | D:3      | Reached XP level 5. HP: 42/42 MP: 6/9
  1933 | D:3      | Reached XP level 6. HP: 46/49 MP: 7/11
  2073 | D:3      | Noticed Sigmund
  2082 | D:3      | Killed Sigmund
  2298 | D:2      | Reached XP level 7. HP: 51/55 MP: 5/13
  2337 | D:2      | Found a faded altar of an unknown god.
  2940 | D:4      | Found a white marble altar of Elyvilon.
  3367 | D:4      | Noticed Duvessa
  3369 | D:4      | Noticed Dowan
  3413 | D:4      | Killed Dowan
  3414 | D:4      | Reached skill level 5 in Spellcasting
  3414 | D:4      | Reached XP level 8. HP: 54/62 MP: 3/15
  3563 | D:4      | Killed Duvessa
  3969 | D:5      | Entered Level 5 of the Dungeon
  3969 | D:5      | Noticed Menkaure
  4158 | D:4      | Killed Menkaure
  4318 | D:5      | Identified the +8 hunting sling "Xarphurph" {flame, Will-
                  | rCorr Int+2}
  4572 | D:5      | Found a staircase to the Ecumenical Temple.
  4600 | Temple   | Entered the Ecumenical Temple
  4790 | Temple   | Became a worshipper of Warmaster Okawaru
  5459 | D:6      | You fall into a shaft and drop 2 floors!
  5459 | D:8      | Noticed a yak
  5459 | D:8      | Noticed a yak
  5459 | D:8      | Noticed a yak
  5459 | D:8      | Noticed a yak
  5459 | D:8      | Noticed a yak
  5459 | D:8      | Noticed Psyche
  5460 | D:8      | Noticed a yak
  5465 | D:8      | Noticed a cyclops
  5472 | D:8      | Noticed a yak
  5472 | D:8      | Noticed a yak
  5472 | D:8      | Noticed a yak
  5472 | D:8      | Noticed a yak
  5473 | D:8      | Noticed a yak
  5473 | D:8      | Noticed a yak
  5663 | D:8      | Found a broken altar of Ashenzari.
  5742 | D:8      | Reached skill level 10 in Stealth
  5961 | D:7      | Reached XP level 9. HP: 64/68 MP: 10/18
  5971 | D:7      | Reached skill level 1 in Fighting
  6076 | D:6      | Reached * piety under Okawaru
  6330 | D:6      | Found a shimmering blue altar of Sif Muna.
  6333 | D:6      | Found a sacrificial altar of Ru.
  6337 | D:6      | Found a hide-covered altar of Uskayaw.
  6667 | D:6      | Reached skill level 1 in Shields
  6997 | D:7      | Reached skill level 5 in Fighting
  7021 | D:7      | Reached ** piety under Okawaru
  7215 | D:7      | Found a hazy altar of Hepliaklqana.
  7540 | D:8      | Killed a cyclops
  7646 | D:8      | Reached XP level 10. HP: 91/91 MP: 4/19
  7702 | D:8      | Reached *** piety under Okawaru
  7853 | D:8      | Reached skill level 5 in Shields
  8032 | D:8      | Killed Psyche
  8285 | D:8      | Found a runed translucent gate.
  8285 | D:8      | Found a runed translucent gate.
  8285 | D:8      | Found a runed translucent gate.
  8286 | D:8      | Noticed edsrzf's ghost (novice DjWz)
  8555 | D:9      | Found Vammeyd's Jewellery Emporium.
  8623 | D:9      | Reached **** piety under Okawaru
  8942 | D:9      | Reached XP level 11. HP: 104/104 MP: 13/20
  9460 | D:10     | Entered Level 10 of the Dungeon
  9460 | D:10     | Found a staircase to the Orcish Mines.
  9542 | D:10     | Reached ***** piety under Okawaru
  9603 | D:10     | Received a gift from Okawaru
  9673 | D:10     | Noticed a two-headed ogre
  9680 | D:10     | Killed a two-headed ogre
  9826 | D:10     | Learned a level 3 spell: Stone Arrow
 10003 | D:10     | Reached skill level 1 in Conjurations
 10005 | D:10     | Reached skill level 10 in Fighting
 10771 | D:11     | Found a staircase to the Lair.
 10823 | D:11     | Noticed a red ugly thing
 10825 | D:11     | Noticed a boulder beetle
 10829 | D:11     | Noticed a two-headed ogre
 10853 | D:11     | Noticed a seven-headed hydra
 10859 | D:11     | Killed a seven-headed hydra
 10859 | D:11     | Identified the +7 short sword "Dutuzxie" {vorpal, *Corrode
                  | rPois Str+2 Int+8} (Okawaru gifted it to you on level 11 of
                  | the Dungeon)
 10859 | D:11     | Received a gift from Okawaru
 11199 | Lair:1   | Entered Level 1 of the Lair of Beasts
 11227 | Lair:1   | Noticed an oklob plant
 11260 | Lair:1   | Reached skill level 5 in Conjurations
 11459 | Lair:1   | Found a gate leading to a gauntlet.
 11468 | Gauntlet | Entered a Gauntlet
 11468 | Gauntlet | Found a transporter.
 11477 | Gauntlet | Found a transporter.
 11480 | Gauntlet | Found a transporter.
 11481 | Gauntlet | Found a transporter.
 11489 | Gauntlet | Found a transporter.
 11489 | Gauntlet | Noticed a shining eye
 11492 | Gauntlet | Found a transporter.
 11493 | Gauntlet | Found a transporter.
 11495 | Gauntlet | Noticed a large abomination
 11505 | Gauntlet | Found a transporter.
 11506 | Gauntlet | Found a transporter.
 11508 | Gauntlet | Noticed a death scarab
 11510 | Gauntlet | Found a transporter.
 11510 | Gauntlet | Noticed a spectral death yak
 11511 | Gauntlet | Noticed a death scarab
 11514 | Gauntlet | Found a transporter.
 11515 | Gauntlet | Noticed a spectral death yak
 11517 | Gauntlet | Found a transporter.
 11518 | Gauntlet | Found a transporter.
 11522 | Gauntlet | Noticed a spectral death yak
 11523 | Gauntlet | Noticed a death scarab
 11524 | Gauntlet | Noticed a death scarab
 11527 | Gauntlet | Found a transporter.
 12632 | Gauntlet | Reached XP level 12. HP: 116/116 MP: 21/21
 12820 | Gauntlet | Identified the +3 scimitar of the Endless March {vorpal,
                  | *Noise rF- rCorr Str+2 Dex+5}
 13017 | Gauntlet | Noticed a minotaur
 13032 | Gauntlet | Killed a minotaur
 13032 | Gauntlet | Received a gift from Okawaru
 13533 | Lair:1   | Identified a scroll of acquirement
 13534 | Lair:1   | Acquired the Handbook of Creative Confrontation
 13542 | Lair:1   | Learned a level 5 spell: Fireball
 13608 | Lair:1   | Reached skill level 1 in Fire Magic
 13660 | Lair:1   | Noticed Harold
 13670 | Lair:1   | Killed Harold
 13671 | Lair:1   | Reached skill level 2 in Fire Magic
 14196 | Lair:1   | Reached skill level 3 in Fire Magic
 14312 | Lair:2   | Reached skill level 4 in Fire Magic
 14317 | Lair:2   | Received a gift from Okawaru
 14337 | Lair:2   | Reached skill level 5 in Fire Magic
 14382 | Lair:2   | Reached skill level 6 in Fire Magic
 14446 | Lair:2   | Reached skill level 7 in Fire Magic
 14474 | Lair:2   | Gained mutation: You can use your snake-like lower body to
                  | constrict enemies. [Naga growth]
 14474 | Lair:2   | Reached XP level 13. HP: 92/123 MP: 4/22
 14798 | Lair:2   | Reached skill level 8 in Fire Magic
 14832 | Lair:2   | Found a hole to the Spider Nest.
 15246 | Lair:3   | Received a gift from Okawaru
 15403 | Lair:3   | Reached skill level 9 in Fire Magic
 15586 | Lair:3   | Reached skill level 10 in Fire Magic
 15701 | Lair:3   | Reached skill level 11 in Fire Magic
 15880 | Lair:3   | Found a staircase to the Swamp.
 16579 | Lair:4   | Reached skill level 12 in Fire Magic
 16718 | Lair:4   | You are sucked into a shaft and drop 2 floors!
 16718 | Lair:6   | Entered Level 6 of the Lair of Beasts
 16817 | Lair:5   | Reached XP level 14. HP: 132/132 MP: 10/23
 16861 | Lair:5   | Found a viscous altar of Jiyva.
 16862 | Lair:5   | Found a staircase to the Slime Pits.
 16918 | Lair:5   | Received a gift from Okawaru
 17040 | Lair:5   | Reached skill level 13 in Fire Magic
 17107 | Lair:4   | Identified the +8 mace "Aczomi" {pain, rC+ Str+7}
 17107 | Lair:4   | Noticed Josephine
 17143 | Lair:4   | Reached ****** piety under Okawaru
 17577 | Lair:4   | Killed Josephine
 18096 | Lair:5   | Reached skill level 14 in Fire Magic
 18571 | Lair:5   | You are sucked into a shaft and drop 1 floor!
 18993 | Lair:6   | Received a gift from Okawaru
 19022 | Lair:6   | Reached skill level 15 in Fire Magic
 19770 | Lair:6   | Reached skill level 16 in Fire Magic
 19779 | Lair:6   | Identified the +9 glaive of Ragumeex {antimagic, *Noise
                  | +Rage Fly rElec}
 20040 | Orc:1    | Entered Level 1 of the Orcish Mines
 20129 | Orc:2    | Entered Level 2 of the Orcish Mines
 20141 | Orc:2    | Reached XP level 15. HP: 115/138 MP: 24/24
 20190 | Orc:2    | Found a staircase to the Elven Halls.
 21090 | Orc:2    | Noticed an orc warlord
 21105 | Orc:2    | Identified the +4 chain mail of the Chupacabra {-Cast rElec
                  | Dex+6} (Okawaru gifted it to you on level 2 of the Orcish
                  | Mines)
 21105 | Orc:2    | Received a gift from Okawaru
 21126 | Orc:2    | Killed an orc warlord
 21339 | Orc:2    | Identified the +6 troll leather armour "Biplorea" {rN+
                  | Will+ Regen+ Str+6}
 21374 | Orc:2    | Noticed an orc warlord
 21468 | Orc:2    | Killed an orc warlord
 21743 | Orc:2    | Identified the Reference Book on the Earthen Snowflakes
 21935 | Orc:2    | Found Dur Zal's Weapon Boutique.
 21935 | Orc:2    | Found Corph's Assorted Antiques.
 21937 | Orc:2    | Found Nanihiwk's General Store.
 21937 | Orc:2    | Found Janofirgh's Distillery.
 21948 | Orc:2    | Bought a scroll of magic mapping for 84 gold pieces
 22015 | Orc:2    | Identified the +5 quarterstaff of Overwhelming Force
                  | {venom, +Blink rF+}
 22827 | Lair:6   | Found a burning altar of Makhleb.
 22886 | Lair:6   | Found a gateway to Hell.
 23548 | Orc:2    | Bought a scroll of acquirement for 1248 gold pieces
 23549 | Orc:2    | Acquired the ring "Zuirph" {rC+ Will+ Int+6}
 23835 | D:12     | Identified the +5 rapier "Conservator" {flame, Str+9 Int+5}
                  | (Okawaru gifted it to you on level 12 of the Dungeon)
 23835 | D:12     | Received a gift from Okawaru
 24831 | D:13     | Reached skill level 10 in Conjurations
 25150 | D:13     | Received a gift from Okawaru
 25270 | D:13     | Reached XP level 16. HP: 149/152 MP: 26/28
 25297 | D:13     | Found a gate to the Vaults.
 25530 | D:13     | Noticed Erolcha
 25536 | D:13     | Killed Erolcha
 25802 | D:14     | You are sucked into a shaft and drop 1 floor!
 25802 | D:15     | Entered Level 15 of the Dungeon
 25870 | D:15     | Found a frozen archway.
 25886 | IceCv    | Entered an ice cave
 26204 | IceCv    | Identified the +8 spear "Vesidyli" {vorpal, Dex+2} (Okawaru
                  | gifted it to you in an ice cave)
 26204 | IceCv    | Received a gift from Okawaru
 26293 | IceCv    | Noticed an azure jelly
 26295 | IceCv    | Noticed an azure jelly
 26296 | IceCv    | Killed an azure jelly
 26299 | IceCv    | Killed an azure jelly
 26418 | IceCv    | Found a viscous altar of Jiyva.
 26433 | IceCv    | Identified the amulet "Robro Inte" {rF+ Regen+ Str+3 SInv
                  | Stlth+}
 26443 | IceCv    | Identified the amulet of Freedom {Spirit rPois Int-4 Dex+3}
 26475 | IceCv    | Got the ring of Onynax {Ice Int+5}
 26486 | IceCv    | Got the ring of the Gastropod {rC+ rN+}
 26736 | D:15     | Found a shimmering altar of Xom.
 26736 | D:15     | Found a shimmering altar of Xom.
 26737 | D:15     | Found a shimmering altar of Xom.
 26738 | D:15     | Found a shimmering altar of Xom.
 26743 | D:15     | Found a shimmering altar of Xom.
 26743 | D:15     | Found a shimmering altar of Xom.
 26829 | D:15     | Received a gift from Okawaru
 26830 | D:15     | Found the +7 Kryia's mail coat {PotionHeal*2 rC+}
 27002 | D:15     | Found a staircase to the Depths.
 27198 | D:15     | Found Suposom's Assorted Antiques.
 27379 | Depths:1 | Entered Level 1 of the Depths
 27492 | D:15     | HP: 1/152 [spark wasp (12)]
 27493 | D:15     | Mangled by a spark wasp

Illustrated notes

Levels and vault maps discovered:
D:1:      shiori_arrival_elements, layout_basic, serial_rivers,
          chequers_serial_rivers_micro_b, chequers_serial_rivers_room_a,
          chequers_serial_rivers_large_a, chequers_serial_rivers_micro_e,
          chequers_serial_rivers_marsh, chequers_serial_rivers_large_b
D:2:      layout_basic, ebering_ecumenical_altar_box
D:3:      layout_loops_ring, moated_statue, uniq_sigmund
D:4:      layout_basic, elyvilon_altar_4, uniq_duvessa
D:5:      cheibrodos_quashed, layout_basic, minmay_temple_entry_glass,
          minmay_misc_feat_more_columns, uniq_menkaure
D:6:      layout_basic, grunt_temple_overflow_diamond,
          minmay_misc_feat_secret_circle, minmay_misc_feat_columns,
          sword_in_stone
D:7:      layout_rooms, nicolae_hepliaklqana_hippocampus
D:8:      layout_rooms, lemuel_doored_altar, gammafunk_ghost_necromancy,
          grunt_ministairs_12, uniq_psyche
D:9:      layout_gridville, serial_shops, shop
D:10:     layout_cave_pools, orc_0_dummy, grunt_decor_clamped,
          minmay_misc_feat_nine_boxes
D:11:     layout_basic, grunt_lair_entry_orc_guard_hut,
          onia_ninara_dug_in_and_dangerous
D:12:     layout_basic, grunt_livestock
D:13:     layout_irregular_city, ximxim_vaults_locker_room, uniq_erolcha
D:14:     layout_roguey, hangedman_decor_riveting
D:15:     grunt_enter_depths_giant_problem, layout_gridville,
          portal_ice_cave_demonic_guard, serial_shops, shop, xom_shifter_show
Temple:   eino_temple_scatter_basement
Lair:1:   layout_regular_city, gauntlet_entry_generic,
          infiniplex_staircase_pool_2, serial_bayou_shore_b,
          serial_bayou_shore_a, minmay_lair_oklob_chamber, uniq_harold
Lair:2:   layout_roguey, nicolae_spider_entry_non_spiders
Lair:3:   layout_misc_corridors, swamp_mist, grunt_megastairs_4
Lair:4:   layout_roguey, beast_lair_carwin_8, uniq_josephine
Lair:5:   layout_roguey, slime_altar_1, disabler_island
Lair:6:   evil_forest, layout_cave_pods
Orc:1:    layout_caves
Orc:2:    grunt_orc_tribal_feast, layout_caves, minmay_orc_treasury
Depths:1: layout_small_grid, hangedman_decor_diamond_cutter,
          pf_vacation_house_of_asmodeus, minivault_16, st_stairs_4,
          chequers_serial_rivers_micro_e, minmay_mirror_moons_of_madness,
          minmay_shop_grove

Skill      XL: |  1  2  3  4  5  6  7  8  9 10 11 12 13 14 15 16 |
---------------+-------------------------------------------------+-----
Stealth        | 4 5 6 7 8 11 12 | 12.0
Poison Magic   | 5 6 7 8 |  8.0
Spellcasting   | 3 4 5 6 8 9 |  9.8
Fighting       | 6 8 10 11 12 | 12.0
Shields        | 3 6 8 9 |  9.0
Conjurations   | 6 8 10 11 | 11.4
Fire Magic     | 7 12 16 | 16.1
Dodging        | 4 |  4.3
Transmutations | |  1.0

Action                   |  1- 3 |  4- 6 |  7- 9 | 10-12 | 13-15 | 16-18 || total
-------------------------+-------+-------+-------+-------+-------+-------++-------
Melee: Short sword       |     4 |       |       |       |       |       ||     4
       Rapier            |       |     1 |       |       |       |       ||     1
       Spear             |       |     4 |    40 |    96 |       |       ||   140
       Mace              |       |       |       |       |   578 |   209 ||   787
       Constrict         |       |       |       |       |   130 |    40 ||   170
 Fire: Hunting sling     |       |       |   107 |   375 |   514 |     7 ||  1003
Throw: Stone             |    30 |     1 |       |       |    16 |    10 ||    57
       Dart              |       |     9 |    12 |       |       |       ||    21
 Cast: Sting             |    35 |    23 |    26 |    18 |     3 |       ||   105
       Mephitic Cloud    |       |     3 |    58 |    75 |   141 |    26 ||   303
       Ignite Poison     |       |     1 |    22 |    39 |    68 |    15 ||   145
       Stone Arrow       |       |       |       |     6 |    29 |       ||    35
       Fireball          |       |       |       |     7 |    18 |    16 ||    41
 Abil: Spit Poison       |    39 |    20 |    49 |    64 |    83 |     5 ||   260
Evoke: Wand              |       |       |     3 |    20 |     8 |     1 ||    32
       Lightning rod     |       |       |       |     4 |     8 |     2 ||    14
       Condenser vane    |       |       |       |     1 |     2 |       ||     3
       Tin of tremorston |       |       |       |       |     1 |       ||     1
  Use: Scroll            |     2 |       |    14 |    15 |    16 |     8 ||    55
       Potion            |       |       |     1 |     5 |       |     1 ||     7
 Stab: Confused          |       |       |     1 |       |    15 |     5 ||    21
       Sleeping          |       |       |     1 |       |     3 |     4 ||     8
       Paralysed         |       |       |     7 |       |       |       ||     7
       Distracted        |       |       |       |       |       |     1 ||     1
Armor: Robe              |    11 |     4 |       |       |       |       ||    15
       Steam dragon scal |       |       |    34 |   129 |   255 |       ||   418
       Troll leather arm |       |       |       |       |   266 |   202 ||   468
Dodge: Dodged            |    19 |     9 |    90 |   188 |   478 |   145 ||   929
Block: Kite shield       |       |       |       |    97 |   655 |   201 ||   953

Table legend: (Time is in decaauts)
 A = Elapsed time spent in this place.
 B = Non-inter-level travel time spent in this place.
 C = Inter-level travel time spent in this place.
 D = Time resting spent in this place.
 E = Time spent auto-exploring this place.
 F = Levels seen in this place.
 G = Mean time per level.
                   A        B        C        D        E       F      G
               +--------+--------+--------+--------+--------+-----+--------+
         Total |  35425 |  33085 |   2340 |   4627 |  20267 |  27 | 1312.0 |
       Dungeon |  18921 |  17717 |   1204 |   1572 |  12645 |  15 | 1261.4 |
        Temple |    283 |    267 |     16 |      0 |    245 |   1 |  283.0 |
          Lair |  10509 |   9755 |    754 |   1089 |   5871 |   6 | 1751.5 |
  Orcish Mines |   2708 |   2343 |    365 |    453 |   1011 |   2 | 1354.0 |
        Depths |     62 |     62 |      0 |      0 |     16 |   1 |   62.0 |
      Ice Cave |    844 |    844 |      0 |    236 |    196 |   1 |  844.0 |
      Gauntlet |   2095 |   2095 |      0 |   1277 |    281 |   1 | 2095.0 |
               +--------+--------+--------+--------+--------+-----+--------+

Top non-repeatable levels by time:
  Lair:6: 2923 daAuts
   Orc:2: 2571 daAuts
Gauntlet: 2095 daAuts
  Lair:4: 1925 daAuts
     D:8: 1731 daAuts
     D:4: 1686 daAuts
    D:12: 1627 daAuts
     D:1: 1593 daAuts
  Lair:1: 1557 daAuts
    D:11: 1505 daAuts
  Lair:2: 1495 daAuts
  Lair:3: 1419 daAuts
     D:9: 1390 daAuts
     D:6: 1375 daAuts
    D:13: 1257 daAuts
